 Dungeon Crawl Stone Soup version 0.21.1-1-g345015f (webtiles) character file.

500 theblackcape the Firebug (level 6, 0/45 HPs)
             Began as a Draconian Fire Elementalist on June 14, 2018.
             Slain by an ogre
             ... wielding a +0 giant spiked club
              (21 damage)
             ... on level 4 of the Dungeon.
             The game lasted 00:24:19 (6069 turns).

theblackcape the Firebug (DrFE)                     Turns: 6069, Time: 00:24:20

Health: 0/45       AC: 11    Str: 10    XL:     6   Next: 94%
Magic:  10/12      EV: 12    Int: 18    God:
Gold:   161        SH:  0    Dex: 11    Spells: 2/13 levels left

rFire    . . .     SeeInvis .   m - +0 hand axe (freeze)
rCold    . . .     Gourm    .   (no shield)
rNeg     . . .     Faith    .   (armour unavailable)
rPois    .         Spirit   .   (helmet restricted)
rElec    .         Reflect  .   (no cloak)
rCorr    .         Harm     .   (no gloves)
MR       .....                  (no boots)
Stlth    ++........             (no amulet)
HPRegen  0.15/turn              c - ring of flight
MPRegen  0.13/turn              u - +5 ring of protection

@: no status effects
A: unfitting armour, cold-blooded, AC +6
a: Evoke Flight


You were on level 4 of the Dungeon.
You were not hungry.

You visited 1 branch of the dungeon, and saw 4 of its levels.

You collected 161 gold pieces.

Inventory:

Hand Weapons
 m - a +0 hand axe of freezing (weapon)
Missiles
 s - 32 stones (quivered)
Jewellery
 c - a ring of flight (left hand)
 u - a +5 ring of protection (right hand)
Wands
 f - a wand of paralysis (11)
Scrolls
 d - 4 scrolls of identify
 e - a scroll of enchant weapon {unknown}
 i - a scroll of enchant armour {unknown}
 j - 2 scrolls of teleportation
 p - a scroll of remove curse
 w - a scroll of fear {unknown}
Potions
 g - 2 potions of agility
 h - 6 potions of curing
 k - 2 potions of cancellation {unknown}
 n - 2 potions of resistance {unknown}
 o - a potion of might {unknown}
 q - a potion of haste {unknown}
 r - a potion of heal wounds {unknown}
 t - a potion of flight {unknown}
 v - a potion of degeneration {unknown}
Books
 a - a book of Flames

   Spells                             Type                      Level
   a - Flame Tongue                   Conjuration/Fire             1
   b - Throw Flame                    Conjuration/Fire             2
   c - Conjure Flame                  Conjuration/Fire             3
   d - Inner Flame                    Hexes/Fire                   3
   e - Sticky Flame                   Conjuration/Fire             4
   f - Fireball                       Conjuration/Fire             5
Comestibles
 b - 2 rations


   Skills:
 - Level 0.1 Fighting
 + Level 2.7 Dodging
 - Level 1.7 Stealth
 - Level 0.5 Unarmed Combat
 + Level 4.1 Spellcasting
 + Level 3.9 Conjurations
 * Level 1.0 Hexes
 + Level 4.6 Fire Magic


You had 2 spell levels left.
You knew the following spells:

 Your Spells              Type           Power        Failure   Level  Hunger
a - Flame Tongue          Conj/Fire      ###..        2%          1    None
b - Conjure Flame         Conj/Fire      ###.....     8%          3    ###....
c - Inner Flame           Hex/Fire       ##......     14%         3    ###....
d - Sticky Flame          Conj/Fire      ###.....     24%         4    ####...


Dungeon Overview and Level Annotations

Branches:
Dungeon (4/15)
 Temple: D:4-7

Altars:
Ru
Yredelemnul
The Shining One

Annotations:
D:3 olivier's ghost, amateur GrFi


Innate Abilities, Weirdness & Mutations

Your plain brown scales are hard. (AC +6)
You cannot fit into any form of body armour.
You are cold-blooded and may be slowed by cold attacks.


Message History

Found an escape hatch in the ceiling.
The ogre hits you with a giant spiked club!!
Ouch! That really hurt!
There is an escape hatch in the ceiling here.
Casting: Flame Tongue
Confirm with . or Enter, or press ? or * to list all spells.
Aiming: Flame Tongue
Press: ? - help, Shift-Dir - straight line, f/p - ogre
Aim: an ogre, wielding a giant spiked club (moderately wounded)
The flame tongue hits the ogre.
The ogre is severely wounded.
Casting: Flame Tongue
Confirm with . or Enter, or press ? or * to list all spells.
Aiming: Flame Tongue
Press: ? - help, Shift-Dir - straight line, f/p - ogre
Aim: an ogre, wielding a giant spiked club (severely wounded)
The flame tongue hits the ogre.
The ogre is almost dead.
The ogre hits you with a giant spiked club!!
You die...

############
#..........#
#..........###
+............ ..
#..........# #.# .#
#....@.....# #.# ..
#....O.....# #.# #.
#####.....## #.# #. #
#.....# #.# #.#.
#.....# #.# #...
##.....#####.####..
.....................
##############.#####.
#...........# .


You could see an ogre.

Vanquished Creatures
  Sigmund (D:4)
  3 wights (D:3)
  Natasha (thrice) (D:3)
  3 gnolls (D:4)
  5 adders
  An adder skeleton (D:4)
  A dart slug (D:1)
  4 leopard geckos
  An orc (D:3)
  6 bats
  6 giant cockroaches (D:1)
  7 goblins
  9 hobgoblins
  5 jackals
  12 kobolds
  2 quokkas (D:2)
  3 frilled lizards
  6 rats
78 creatures vanquished.

Notes
Turn   | Place    | Note
-------+----------+-------------------------------------------
     0 | D:1      | theblackcape the Draconian Fire Elementalist began the quest for the Orb.
     0 | D:1      | Reached XP level 1. HP: 14/14 MP: 3/3
   507 | D:1      | Reached XP level 2. HP: 20/20 MP: 1/5
  1097 | D:1      | Reached XP level 3. HP: 26/26 MP: 3/6
  1398 | D:1      | Learned a level 3 spell: Conjure Flame
  1405 | D:1      | Learned a level 3 spell: Inner Flame
  1706 | D:2      | Found a basalt altar of Yredelemnul.
  1987 | D:2      | Found a sacrificial altar of Ru.
  2119 | D:2      | Found a glowing golden altar of the Shining One.
  2276 | D:2      | Reached XP level 4. HP: 28/33 MP: 2/8
  2755 | D:3      | Noticed olivier's ghost (amateur GrFi)
  2967 | D:3      | Noticed Natasha
  2979 | D:3      | Killed Natasha
  3442 | D:3      | Noticed Natasha
  3456 | D:3      | Killed Natasha
  3456 | D:3      | Reached XP level 5. HP: 37/38 MP: 3/9
  4228 | D:3      | Noticed Natasha
  4243 | D:3      | Killed Natasha
  4775 | D:3      | Reached XP level 6. HP: 15/45 MP: 1/11
  5232 | D:3      | HP: 1/45 [olivier's ghost (12)]
  5685 | D:4      | Noticed Sigmund
  5719 | D:4      | Killed Sigmund
  5719 | D:4      | Reached skill level 1 in Hexes
  5726 | D:4      | Learned a level 4 spell: Sticky Flame
  6069 | D:4      | Slain by an ogre

Skill      XL: |  1  2  3  4  5  6 |
---------------+-------------------+-----
Dodging        | 2 |  2.7
Conjurations   | 2 3 |  3.9
Spellcasting   | 3 4 |  4.1
Fire Magic     | 4 |  4.6
Hexes          | 1 |  1.0
Fighting       | |  0.1
Stealth        | |  1.7
Unarmed Combat | |  0.5

Action                   |  1- 3 |  4- 6 || total
-------------------------+-------+-------++-------
Melee: Unarmed           |    19 |       ||    19
       Tailslap          |     3 |     3 ||     6
       Dagger            |     9 |    18 ||    27
Throw: Stone             |       |     4 ||     4
 Cast: Flame Tongue      |    70 |   106 ||   176
       Conjure Flame     |     2 |     7 ||     9
  Use: Scroll            |       |     3 ||     3
       Potion            |       |     1 ||     1
 Stab: Sleeping          |       |     1 ||     1
  Eat: Chunk             |     5 |     6 ||    11
       Ration            |       |     2 ||     2
Armor: Skin              |    28 |    15 ||    43
Dodge: Dodged            |    50 |    49 ||    99
